 Dungeon Crawl Stone Soup version 0.29-a0-375-g5102b3be25 (webtiles) character file.

Game seed: 13605594255664981076

757578 thiscave3701365 the Axe Maniac (level 27, 0/191 HPs)
             Began as a Minotaur Berserker on Apr 29, 2022.
             Was the Champion of Trog.
             Killed from afar by a Killer Klown (41 damage)
             ... with a klown pie
             ... while paralysed
             ... on level 5 of the Realm of Zot on May 3, 2022.
             The game lasted 05:33:38 (129249 turns).

thiscave3701365 the Axe Maniac (MiBe)             Turns: 129249, Time: 05:34:07

Health: 0/191      AC:  0    Str: 28 (30) XL:     27
Magic:  15/15      EV:  5    Int: -1 (4)  God:    Trog [******]
Gold:   8072       SH:  0    Dex: 11 (17) Spells: 26/26 levels left

rFire   + . .      SeeInvis .     - Unarmed
rCold   . . .      Faith    .   (shield currently unavailable)
rNeg    + . .      Spirit   .   (body armour currently unavailable)
rPois   +          Reflect  +   (helmet currently unavailable)
rElec   .          Harm     .   (cloak currently unavailable)
rCorr   .          Rampage  .   (gloves currently unavailable)
Will    ++...                   (boots currently unavailable)
Stlth   ++++++++..              W - amulet of Zaoso {Reflect *Slow rPois rF+ rN+ SH+5}
HPRegen 0.41/turn               (ring currently unavailable)
MPRegen 0.14/turn               (ring currently unavailable)

@: paralysed, bat-form, vertiginous, flying, slowed, lost intelligence, studying
Throwing, unable to read, very quick
A: fast, flying, no casting, tiny, (horns 2), (retaliatory headbutt), (hooves
2), (iridescent scales 1), deterioration 2, frail 3, low MP 3, weak 2, subdued
magic 1, inability to read while threatened
}: 6/15 runes: decaying, slimy, silver, demonic, magical, gossamer
a: Renounce Religion, Berserk, Trog's Hand, Brothers in Arms


You were on level 5 of the Realm of Zot.
You worshipped Trog.
Trog was exalted by your worship.
You were a bat.
You visited 13 branches of the dungeon, and saw 58 of its levels.
You visited Pandemonium 1 time, and saw 5 of its levels.
You visited the Abyss 2 times.
You also visited: Ossuary, Ice Cave and Desolation.

You collected 8926 gold pieces.
You spent 854 gold pieces at shops.

Inventory:

Hand Weapons
 P - the +7 executioner's axe of the Hall of Blades (melded) {vorpal, rElec rPois Str+3}
   (Trog gifted it to you on level 2 of the Crypt)

   It inflicts extra damage upon your enemies.
   Str:       It affects your strength (+3).
   rElec:     It insulates you from electricity.
   rPois:     It protects you from poison.
 R - the +9 broad axe of Trog's Fury {vorpal, rN+}
   (Trog gifted it to you in Pandemonium)

   It inflicts extra damage upon your enemies.
   rN:        It protects you from negative energy.
 S - the +9 great sword "Fefygies" {speed, Will+ Dex+2}
   (You found it in the Desolation of Salt)

   Attacks with this weapon are significantly faster.
   Dex:       It affects your dexterity (+2).
   Will:      It increases your willpower.
 T - a +9 executioner's axe of flaming
Missiles
 O - 7 throwing nets
Armour
 b - a +2 hat of see invisible (melded)
 g - the +12 crystal plate armour "Omny" (melded) {rC+}
   (You acquired it on level 5 of the Dungeon)

   rC:        It protects you from cold.
 m - the +2 pair of boots of Niasm (melded) {+Blink}
   (You bought it in a shop on level 1 of the Orcish Mines)

   +Blink:    It lets you blink.
 r - the +3 pair of gloves of the Uplifting Gods (melded) {rF+ rN+ Str+2}
   (You found it in the Desolation of Salt)

   Str:       It affects your strength (+2).
   rF:        It protects you from fire.
   rN:        It protects you from negative energy.
 s - a scarf of resistance (melded)
 V - the +2 shield of Resistance {rF++ rC++ Will++}
   (You acquired it on level 2 of the Elven Halls)

   rF:        It greatly protects you from fire.
   rC:        It greatly protects you from cold.
   Will:      It greatly increases your willpower.
Jewellery
 F - the amulet "Bamizur" {rElec Regen+ rCorr Str+3 Int-4}
   (You took it off a deep elf sorcerer on level 3 of the Elven Halls)

   [amulet of regeneration]

   Str:       It affects your strength (+3).
   Int:       It affects your intelligence (-4).
   rElec:     It insulates you from electricity.
   Regen:     It increases your rate of health regeneration.
   rCorr:     It protects you from acid and corrosion.
 M - the ring "Naucac" (melded) {rElec rF- Will+++ Dex+6}
   (You found it on level 5 of the Lair of Beasts)

   [ring of dexterity]

   Dex:       It affects your dexterity (+6).
   rF:        It makes you vulnerable to fire.
   rElec:     It insulates you from electricity.
   Will:      It greatly increases your willpower.
 U - the ring "Uxtaok" (melded) {rElec rF- EV+4 Str+8 Int+2}
   (You found it on level 2 of the Spider Nest)

   [ring of evasion]

   EV:        It affects your evasion (+4).
   Str:       It affects your strength (+8).
   Int:       It affects your intelligence (+2).
   rF:        It makes you vulnerable to fire.
   rElec:     It insulates you from electricity.
 W - the amulet of Zaoso (around neck) {Reflect *Slow rPois rF+ rN+ SH+5}
   (You found it on level 3 of the Crypt)

   [amulet of reflection]

   It reflects blocked missile attacks.
   rF:        It protects you from fire.
   rPois:     It protects you from poison.
   rN:        It protects you from negative energy.
   *Slow:     It may slow you when you take damage.
   SH:        It affects your SH (+5).
Wands
 p - a wand of acid (26)
 G - a wand of paralysis (7)
 H - a wand of polymorph (17)
 I - a wand of charming (5)
 J - a wand of digging (9)
 L - a wand of flame (89)
 N - a wand of iceblast (55)
Scrolls
 h - 18 scrolls of magic mapping
 j - 4 scrolls of holy word
 t - 10 scrolls of fog
 v - 6 scrolls of enchant armour
 y - 3 scrolls of poison
 B - 29 scrolls of teleportation
 E - 14 scrolls of fear
 Q - 11 scrolls of blinking
 Z - 7 scrolls of summoning
Potions
 a - 16 potions of might
 c - 2 potions of heal wounds
 e - 10 potions of haste
 f - 9 potions of berserk rage
 i - 26 potions of curing
 l - 2 potions of magic
 n - 15 potions of lignification
 o - 7 potions of resistance
 w - 5 potions of invisibility
 x - 4 potions of cancellation
 z - 14 potions of attraction
 A - 10 potions of mutation
 K - 10 potions of ambrosia
Miscellaneous
 d - a condenser vane
 k - a piece from Xom's chessboard (15/15)
 q - a tin of tremorstones (2/2)
 u - a phantom mirror
 C - a phial of floods
 D - a box of beasts
 X - a lightning rod (4/4)


   Skills:
 O Level 27 Fighting
 + Level 1.8(13.3) Short Blades
 + Level 21.7 Long Blades
 O Level 27 Axes
 + Level 2.2(18.2) Maces & Flails
 + Level 2.2(18.2) Polearms
 + Level 2.2(3.1) Staves
 + Level 2.0(2.8) Slings
 + Level 2.0 Bows
 + Level 2.0 Crossbows
 + Level 2.7(3.1) Throwing
 O Level 27 Armour
 + Level 3.1 Dodging
 + Level 21.6 Stealth
 + Level 23.4 Shields
 + Level 1.8 Unarmed Combat
 + Level 1.6 Invocations
 + Level 4.2 Evocations


You had 26 spell levels left.
You didn't know any spells.
Your spell library was empty.

Dungeon Overview and Level Annotations

Branches:
Dungeon (15/15)            Temple (1/1) D:4            Lair (6/6) D:8
  Swamp (4/4) Lair:3       Spider (4/4) Lair:4        Slime (5/5) Lair:5
    Orc (2/2) D:12            Elf (3/3) Orc:2        Vaults (5/5) D:14
  Crypt (3/3) Vaults:2       Tomb (1/3) Crypt:3      Depths (4/4) D:15
    Zot (5/5) Depths:4    Ossuary (visited)           IceCv (visited)
Desolation (visited)

Altars:
Ashenzari
Cheibriados
Dithmenos
Elyvilon
Fedhas
Gozag
Hepliaklqana
Kikubaaqudgha
Makhleb
Nemelex Xobeh
Okawaru
Qazlal
Ru
Sif Muna
Trog
Uskayaw
Vehumet
Wu Jian
Xom
Yredelemnul
Zin
The Shining One
Beogh

Shops:
D:5 [(*   D:7 *   D:12 (   Orc:1 ([=   Orc:2 *[:(   Elf:1 !*   Elf:2 [
Vaults:1 ?   Depths:3 *:=:

Portals:
Hell: Depths:1 Depths:2 Depths:3 Depths:4
Abyss: D:3 Depths:2 Depths:3
Pandemonium: Depths:2
Ziggurat: Depths:4
Trove: D:11 (give 2 scrolls of acquirement)


Innate Abilities, Weirdness & Mutations

You are a bat.
You are tiny and dextrous.
You move quickly.
You are flying.
Your equipment is almost entirely melded.
You are incapable of wielding weapons or throwing items.
You cannot cast spells.
((You have a pair of horns on your head.))
((You reflexively headbutt those who attack you in melee.))
((You have hoof-like feet.))
((You are partially covered in iridescent scales. (AC +2)))
Your body often deteriorates upon taking damage.
You are extremely frail. (-30% HP)
Your magical capacity is extremely low. (-30% MP)
You are very weak. (Str -4)
Your spells are a little easier to cast, but a little less powerful.
You sometimes lose the ability to read scrolls when taking damage.


Message History

Unknown command.
You hit the Killer Klown.
The Killer Klown is severely wounded.
The Killer Klown blinks!
Unknown command.
Unknown command.
You hit the Killer Klown.
The Killer Klown is severely wounded.
The Killer Klown elbows you with a +12 club!
Unknown command.
You are too injured to fight recklessly!
You are too injured to fight recklessly!
Unknown command.
You are too injured to fight recklessly!
Unknown command.
You barely miss the Killer Klown.
The Killer Klown is severely wounded.
The Killer Klown teases you with a +12 club!!
You hit the Killer Klown but do no damage.
The Killer Klown is severely wounded.
You barely miss the Killer Klown.
The Killer Klown is severely wounded.
The Killer Klown blinks!
The Killer Klown pies you viciously! The klown pie hits you!!!
Plum!
You feel light-headed.
* * * LOW HITPOINT WARNING * * *
You hit the Killer Klown but do no damage.
The Killer Klown is severely wounded.
You cannot read scrolls in your current state!
You hit the Killer Klown.
The Killer Klown is severely wounded.
The Killer Klown closely misses you.
You feel much better. You block the Killer Klown's attack.
You bite the Killer Klown!
The Killer Klown is severely wounded.
The Killer Klown pies you viciously! The klown pie hits you!!!
Raspberry!
You feel weakened.
You feel dopey.
You have lost your intelligence.
You feel clumsy.
You die...

,,,,* ##.........).##
#........ ,,,,*
#...........# #^....^^^
,^,,* ##^.[........##
#........ ,,,**
#.....).......# ##.......
,,** ##.............##
##...... ,**
#........)......# ##.....
##
########.########▓▓▓▓######
.#########.#
#)###....'..........
.........[.#
#..bp.####..........
############ #####.#
#.......... #.# #..........
#.# ###'####### #.# #.....#
#.# #.^##.### ## #.#
#........ .## #.# #..##.###
..# #.# #..##.#


You could see a Killer Klown.

Vanquished Creatures
  Dissolution (Slime:2)
  the Royal Jelly (Slime:5)
  Lom Lobon (Pan)
  4 dread liches
  5 ancient liches
  5 orbs of fire
  A juggernaut (Depths:1)
  3 pandemonium lords (Pan)
  A royal mummy (Tomb:1)
  2 Killer Klowns (Zot:5)
  4 caustic shrikes
  10 golden dragons
  The ghost of Ruyty the Fighter, an adept DsGl of Nemelex Xobeh (Vaults:2)
  A Tzitzimitl (Pan)
  Arachne (Spider:2)
  A hellephant (Abyss:4)
  An electric golem (Zot:5)
  3 bone dragons
  Mlioglotl (Spider:2)
  13 tentacled monstrosities
  3 Hell Sentinels (Pan)
  10 Orb Guardians (Zot:5)
  The ghost of FilthyApe the Bludgeoner, an adept MiFi of Gozag (Spider:2)
  3 deep elf blademasters (Elf:3)
  10 liches
  A walking divine tome (Depths:4)
  2 deep elf master archers (Elf:3)
  4 Ice Fiends
  9 titans
  4 quicksilver dragons
  25 acid blobs
  A walking frostbound tome (Depths:3)
  The ghost of Xemiukyb the Whirler, an adept HaHu of Okawaru (Depths:3)
  9 death cobs
  13 tentacled starspawn
  9 sphinxes
  6 Executioners
  Gastronok (Lair:1)
  12 tengu reavers
  5 shadow dragons
  11 storm dragons
  10 ancient champions
  14 azure jellies
  5 revenants
  11 rockslimes
  6 draconian knights
  10 frost giants
  7 deep elf sorcerers
  12 draconian monks
  6 orc warlords
  3 daevas (Abyss:4)
  9 fire giants
  5 demonspawn warmongers (Pan)
  30 vault wardens
  4 emperor scorpions
  2 imperial myrmidons (Desolation)
  2 cacodemons (Pan)
  8 ghost moths
  Aizul (Vaults:1)
  3 iron dragons
  5 ghouls
  5 balrugs (Pan)
  9 draconian shifters
  3 curse skulls
  3 draconian stormcallers
  2 angels (Vaults:3)
  5 draconian annihilators
  3 draconian scorchers (Zot:5)
  7 demonspawn blood saints (Pan)
  21 stone giants
  A caustic shrike skeleton (Abyss:4)
  26 ironbound preservers
  4 deep elf elementalists (Elf:3)
  2 war gargoyles
  14 quicksilver oozes
  2 broodmothers
  An ophan (Abyss:4)
  A juggernaut skeleton (Crypt:3)
  3 demonspawn corrupters (Pan)
  16 very ugly things
  12 reapers
  2 ironbound thunderhulks
  6 bennus (Tomb:1)
  9 green draconians
  19 black draconians
  7 vampire knights
  11 red draconians
  Nessos (Lair:6)
  5 entropy weavers (Spider:4)
  6 dire elephants
  11 spark wasps
  4 eleionomae
  A lorocyproca (Pan)
  4 deep elf demonologists
  12 deep elf annihilators
  7 white draconians
  14 yellow draconians
  3 halazid warlocks (Desolation)
  5 demonspawn black suns (Pan)
  4 bunyips
  8 purple draconians
  Snorg (Lair:6)
  4 eidola
  11 green deaths
  9 ettins
  11 blizzard demons (Pan)
  12 deep elf death magi
  A quicksilver dragon zombie (D:15)
  10 great orbs of eyes
  11 fire dragons
  5 mummy priests (Tomb:1)
  13 yaktaur captains
  A jiangshi (Crypt:2)
  2 crystal guardians
  2 shambling mangroves (Swamp:4)
  6 ragged hierophants (Desolation)
  4 rakshasas
  Josephine (Lair:6)
  12 ice dragons
  5 servants of whispers (Desolation)
  A caustic shrike simulacrum (IceCv)
  7 deep elf high priests
  48 vault guards
  A spriggan zombie (Crypt:1)
  9 boulder beetles
  21 hydras
  6 death knights
  24 centaur warriors
  7 peacekeepers
  4 ghost crabs
  8 ironbound frosthearts
  A jorogumo (Spider:2)
  3 catoblepae
  A radroach (Spider:1)
  A fenstrider witch skeleton (Crypt:1)
  3 ogre magi (Vaults:5)
  5 spriggan air magi
  27 dancing weapons
  9 deep troll earth magi
  A naga warrior (Abyss:4)
  3 death yaks (Lair:6)
  7 two-headed ogres
  6 tengu warriors
  The ghost of spaghetti the Slinger, a novice DDHu of Gozag (D:10)
  5 vampire magi
  5 deep troll shamans
  A hell hog (Depths:4)
  19 death scarabs
  18 thrashing horrors
  7 alligators
  A storm dragon zombie (D:15)
  3 spriggan berserkers
  4 orc high priests
  6 iron trolls
  12 sun demons
  6 hell knights
  A titan skeleton (Crypt:3)
  11 wretched stars
  30 soul eaters
  A fire crab (shapeshifter) (Vaults:5)
  67 skeletal warriors
  10 sixfirhies
  5 spatial maelstroms (Abyss:4)
  2 pharaoh ants (Spider:4)
  14 deep elf knights
  8 goliath frogs
  A salamander mystic (Depths:4)
  3 spriggan druids
  A glowing orange brain (shapeshifter) (Vaults:4)
  2 shadow wraiths
  A storm dragon skeleton (Crypt:3)
  A death drake (Abyss:4)
  10 swamp dragons
  6 orb spiders
  65 deep trolls
  A golden dragon skeleton (Crypt:3)
  9 flayed ghosts
  13 steelbarb worms
  6 glowing orange brains
  4 shadow demons (Pan)
  4 bog bodies
  6 spriggan simulacra (IceCv)
  3 lindwurms (Lair:6)
  An obsidian statue (IceCv)
  2 bunyip skeletons
  10 deep elf archers
  A jorogumo zombie (Crypt:1)
  15 orc knights
  93 large abominations
  5 harpies
  15 phantasmal warriors
  9 wizards
  2 anaconda skeletons
  An iron dragon zombie (Crypt:1)
  22 deep elf pyromancers
  29 ugly things
  26 deep elf zephyrmancers
  7 necromancers
  19 ironbound convokers
  A mana viper (shapeshifter) (Vaults:5)
  4 orc sorcerers (Orc:2)
  5 shining eyes
  7 wolf spiders
  A tengu skeleton (D:15)
  A shadow dragon skeleton (Crypt:2)
  4 will-o-the-wisps
  7 cyclopes
  2 worldbinders (Abyss:4)
  5 salamanders
  2 iron dragon skeletons
  2 manticores (D:15)
  An elephant (shapeshifter) (Depths:2)
  3 guardian serpents
  3 stone giant skeletons
  17 elephants
  18 vault sentinels
  7 apocalypse crabs (Abyss:4)
  25 moths of wrath
  30 smoke demons
  7 black mambas
  An eye of devastation (shapeshifter) (Vaults:5)
  A toenail golem (D:3)
  6 orange demons
  4 gargoyles
  2 centaur skeletons (Crypt:1)
  6 torpor snails
  A naga mage (Abyss:4)
  A molten gargoyle (D:15)
  A pale draconian zombie (Crypt:3)
  Maggie (D:8)
  13 cane toads
  6 eyes of devastation
  3 dire elephant skeletons
  46 demonic crawlers
  11 hellions
  3 rime drakes
  Psyche (D:12)
  5 unseen horrors
  3 naga skeletons (Crypt:3)
  10 entropy weaver simulacra (IceCv)
  34 yaktaurs
  5 komodo dragons
  A komodo dragon (shapeshifter) (Elf:3)
  A kobold demonologist (D:13)
  3 tengu conjurers
  16 tormentors (Pan)
  13 freezing wraiths
  A golden dragon simulacrum (IceCv)
  14 ancient zymes
  2 anaconda simulacra (IceCv)
  34 hellwings
  9 ice devils
  5 efreet
  A hydra zombie (Crypt:2)
  4 red devils (Pan)
  A harpy zombie (Abyss:4)
  6 polar bears
  2 meliai (Spider:4)
  10 trolls
  9 guardian mummies
  A bloated husk (Swamp:2)
  7 hornets
  A hornet (shapeshifter) (Vaults:5)
  24 tarantellas
  5 tyrant leeches
  44 saltlings (Desolation)
  24 blink frogs
  2 harpy skeletons (Crypt:3)
  98 slime creatures
  44 raiju
  A tarantella zombie (Crypt:2)
  5 dream sheep (Lair:6)
  5 spriggan skeletons
  78 starcursed masses (Abyss:4)
  46 ynoxinuls
  The ghost of zeratav the Archer, an amateur TeHu (D:3)
  25 flying skulls
  2 air elementals
  9 water elementals
  Sigmund (D:3)
  39 jumping spiders
  A centaur simulacrum (D:12)
  A fire dragon skeleton (Crypt:3)
  A spriggan (shapeshifter) (D:14)
  2 shadows
  An ice dragon skeleton (Crypt:3)
  3 vampires
  18 culicivoras
  5 spriggans
  10 wraiths
  4 dire elephant simulacra
  3 ushabtiu (Tomb:1)
  A human (D:14)
  2 hogs (shapeshifter)
  15 neqoxecs
  3 wyverns
  19 yaks
  47 redbacks
  2 black mamba skeletons (Crypt:3)
  25 chaos spawn
  3 fire elementals
  6 basilisks
  Grum (D:8)
  4 steam dragons
  A wind drake skeleton (Crypt:1)
  4 wargs
  A harpy simulacrum (IceCv)
  A naga (Abyss:4)
  A redback (shapeshifter) (Vaults:3)
  12 vampire mosquitoes
  8 minotaur simulacra (IceCv)
  8 spatial vortices (Abyss:4)
  18 swamp worms
  14 water moccasins
  An acid dragon (D:11)
  2 hydra simulacra (IceCv)
  39 orc warriors
  6 swamp drakes
  2 ice beasts
  A hornet zombie (Crypt:1)
  A snapping turtle zombie (Crypt:1)
  7 ogres
  An alligator simulacrum (IceCv)
  8 black bears
  A boggart (Vaults:1)
  25 wolves
  10 centaurs
  2 elf zombies (Ossuary)
  4 bullfrogs
  24 small abominations
  A kobold brigand (D:11)
  3 necrophages
  A scorpion (D:6)
  3 gnoll sergeants
  A cyclops zombie (Crypt:2)
  4 deep troll simulacra (IceCv)
  5 earth elementals
  A water moccasin zombie (Crypt:3)
  20 wights
  3 killer bees (D:10)
  9 electric eels
  8 howler monkeys
  3 crimson imps (D:9)
  A lava snake (D:15)
  A centaur zombie (Ossuary)
  2 human zombies
  5 jellies
  4 quasits
  A gnoll shaman (D:8)
  10 hounds
  29 orc priests
  2 iron imps
  Crazy Yiuf (D:3)
  A black bear skeleton (Crypt:3)
  Natasha (thrice) (D:3)
  3 iguanas
  29 orc wizards
  2 lightning spires (Swamp:2)
  An acid dragon skeleton (Crypt:2)
  An ogre skeleton (Crypt:1)
  21 mummies
  Robin (D:2)
  22 gnolls
  A howler monkey skeleton (Crypt:1)
  8 adders
  A shadow imp (D:6)
  11 white imps
  2 ufetubi (Abyss:4)
  A lava snake skeleton (Crypt:1)
  An adder zombie (Ossuary)
  A worm (D:3)
  3 dart slugs
  79 orcs
  6 bats
  5 endoplasms
  A giant cockroach (D:4)
  17 goblins
  5 hobgoblins
  15 jackals
  13 kobolds
  5 quokkas
  7 ball pythons
  2 frilled lizards (D:3)
  A goblin zombie (Ossuary)
  11 hobgoblin zombies (Ossuary)
  12 kobold zombies
  An orc skeleton (Crypt:1)
  6 orc zombies (Ossuary)
  8 rats
  4 rat zombies (Ossuary)
  A ball lightning (Pan)
  11 butterflies (Vaults:2)
  3 lurking horrors
  16 starspawn tentacles
3335 creatures vanquished.

Vanquished Creatures (others)
  A sphinx (Tomb:1)
  A fire giant (Vaults:5)
  A vampire knight (Depths:2)
  A deep elf annihilator (Pan)
  3 death scarabs (Tomb:1)
  A sixfirhy (Pan)
  2 glowing orange brains (Pan)
  A large abomination (Abyss:4)
  A hellwing (Pan)
  A demonic crawler (Spider:4)
  A guardian mummy (Tomb:1)
  A bloated husk (Swamp:1)
  A blink frog (Abyss:4)
  A water elemental (Elf:3)
  11 golden eyes (Abyss:4)
  A small abomination (Abyss:4)
  An orc wizard (Orc:2)
  A mummy (Tomb:1)
  A white imp (Abyss:4)
  9 ball lightnings
  27 foxfires
  115 fungi
  4 lurking horrors
  33 plants
  20 starspawn tentacles
  A withered plant (D:15)
241 creatures vanquished.

Grand Total: 3576 creatures vanquished

Notes
Turn   | Place    | Note
-------+----------+-------------------------------------------
     0 | D:1      | thiscave3701365 the Minotaur Berserker began the quest for
                  | the Orb.
     0 | D:1      | Reached XP level 1. HP: 19/19 MP: 0/0
   132 | D:1      | Found a faded altar of an unknown god.
   510 | D:1      | Reached XP level 2. HP: 27/27 MP: 1/1
   776 | D:1      | Reached skill level 5 in Axes
  1061 | D:2      | Reached XP level 3. HP: 33/33 MP: 2/2
  1119 | D:2      | Reached ** piety under Trog
  1157 | D:2      | Noticed Robin
  1167 | D:2      | Killed Robin
  1172 | D:2      | Reached XP level 4. HP: 40/40 MP: 3/3
  1421 | D:2      | Found a broken altar of Ashenzari.
  1891 | D:3      | Found a burning altar of Makhleb.
  1904 | D:3      | Found a hide-covered altar of Uskayaw.
  1930 | D:3      | Noticed a small abomination
  1931 | D:3      | Found a transporter.
  1962 | D:3      | Noticed a toenail golem
  2042 | D:3      | Found a transporter.
  2062 | D:3      | Noticed a small abomination
  2273 | D:3      | Found a runed translucent door.
  2274 | D:3      | Noticed Crazy Yiuf
  2477 | D:3      | Noticed Sigmund
  2482 | D:3      | Killed Sigmund
  2483 | D:3      | Reached XP level 5. HP: 46/46 MP: 4/4
  2483 | D:3      | Reached XP level 6. HP: 52/52 MP: 5/5
  2578 | D:3      | Noticed Natasha
  2582 | D:3      | Killed Natasha
  2817 | D:3      | Noticed Natasha
  2820 | D:3      | Killed Natasha
  2876 | D:3      | Noticed Natasha
  2886 | D:3      | Killed Natasha
  2970 | D:3      | Killed Crazy Yiuf
  3226 | D:4      | Found a sand-covered staircase.
  3235 | Ossuary  | Entered an ossuary
  3248 | Ossuary  | Reached *** piety under Trog
  3343 | Ossuary  | Reached XP level 7. HP: 58/58 MP: 6/6
  3356 | Ossuary  | Reached skill level 10 in Axes
  3587 | D:4      | Found a staircase to the Ecumenical Temple.
  3692 | D:4      | Reached **** piety under Trog
  3839 | D:4      | Found a snail-covered altar of Cheibriados.
  3860 | D:4      | Found an opulent altar of Gozag.
  3860 | D:4      | Found a sparkling altar of Nemelex Xobeh.
  4135 | D:4      | Found an iron altar of Okawaru.
  4320 | D:5      | Entered Level 5 of the Dungeon
  4320 | D:5      | Found Iphulazo's Antique Armour Shoppe.
  4347 | D:5      | Reached XP level 8. HP: 66/66 MP: 7/7
  4448 | D:5      | Identified the +2 chain mail "Jesol" {Regen+}
  4658 | D:5      | Found a broken altar of Ashenzari.
  4865 | D:5      | Found Vozorr's Antique Weapon Emporium.
  4886 | D:5      | Found Idoess's Antique Armour Shop.
  5004 | D:5      | Found Huroemn Ublu's General Store.
  5007 | D:5      | Bought a +1 pair of gloves of infusion for 214 gold pieces
  5017 | D:5      | Identified a scroll of acquirement
  5017 | D:5      | Acquired the +12 crystal plate armour "Omny" {rC+}
  5856 | D:6      | Reached XP level 9. HP: 71/71 MP: 0/8
  6086 | D:6      | Noticed a cyan ugly thing
  6098 | D:6      | Killed a cyan ugly thing
  6099 | D:6      | Reached skill level 15 in Axes
  6122 | D:6      | Killed an unseen horror
  7397 | D:7      | Reached XP level 10. HP: 78/78 MP: 0/9
  7409 | D:7      | Reached ***** piety under Trog
  8220 | D:7      | Found Teitaax's Assorted Antiques.
  8584 | D:8      | Found a staircase to the Lair.
  8988 | D:8      | Noticed Maggie
  8995 | D:8      | Killed Maggie
  9035 | D:8      | Noticed Grum
  9048 | D:8      | Killed Grum
 10953 | D:9      | Noticed a two-headed ogre
 10961 | D:9      | Killed a two-headed ogre
 11118 | D:9      | Noticed a two-headed ogre
 11124 | D:9      | Killed a two-headed ogre
 11125 | D:9      | Reached skill level 5 in Fighting
 11125 | D:9      | Reached XP level 11. HP: 86/86 MP: 7/10
 11542 | D:9      | Reached skill level 5 in Armour
 12273 | D:9      | Acquired the +5 executioner's axe of Absolution {protect,
                  | Str+4}
 12323 | D:10     | Entered Level 10 of the Dungeon
 12605 | D:10     | Noticed a two-headed ogre
 12609 | D:10     | Killed a two-headed ogre
 12673 | D:10     | Received a gift from Trog
 12923 | D:10     | Found a glowing silver altar of Zin.
 12987 | D:10     | Found a runed translucent gate.
 12987 | D:10     | Found a runed translucent gate.
 12988 | D:10     | Found a runed translucent gate.
 12990 | D:10     | Noticed spaghetti's ghost (novice DDHu)
 13277 | D:11     | Noticed a two-headed ogre
 13282 | D:11     | Killed a two-headed ogre
 13325 | D:11     | Noticed a purple ugly thing
 13331 | D:11     | Killed a purple ugly thing
 13533 | D:11     | Noticed an ice dragon
 13541 | D:11     | Killed an ice dragon
 13662 | D:11     | Identified the ring of Vehumet's Approval {Will+ AC+4
                  | Int+2}
 13678 | D:11     | Noticed a deep troll
 13687 | D:11     | Killed a deep troll
 13755 | D:11     | Noticed a purple ugly thing
 13764 | D:11     | Killed a purple ugly thing
 13769 | D:11     | Noticed a centaur warrior
 13783 | D:11     | Killed a centaur warrior
 13784 | D:11     | Reached XP level 12. HP: 81/94 MP: 0/11
 14388 | D:11     | Noticed a fire giant
 14394 | D:11     | Killed a fire giant
 14779 | D:11     | Noticed a storm dragon
 14791 | D:11     | Killed a storm dragon
 14956 | D:11     | Noticed a fire dragon
 14965 | D:11     | Killed a fire dragon
 15198 | D:11     | Noticed a centaur warrior
 15205 | D:11     | Killed a centaur warrior
 15298 | D:11     | Noticed a fire giant
 15307 | D:11     | Killed a fire giant
 15551 | D:11     | Found a portal to a secret trove of treasure.
 15852 | Lair:1   | Entered Level 1 of the Lair of Beasts
 15870 | Lair:1   | Noticed Gastronok
 15879 | Lair:1   | Killed Gastronok
 16610 | Lair:2   | Noticed an eight-headed hydra
 16615 | Lair:2   | Killed a ten-headed hydra
 16616 | Lair:2   | Reached XP level 13. HP: 101/101 MP: 9/12
 17455 | Lair:3   | Found a staircase to the Swamp.
 18482 | Lair:4   | Found a hole to the Spider Nest.
 19510 | Lair:4   | Found a hide-covered altar of Uskayaw.
 19535 | Lair:4   | Received a gift from Trog
 20816 | Lair:5   | Identified the ring "Naucac" {rElec rF- Will+++ Dex+6}
 21288 | Lair:5   | Found a staircase to the Slime Pits.
 21505 | Lair:5   | Identified the +3 rapier of Xipaoz {venom, rF+}
 21520 | Lair:6   | Entered Level 6 of the Lair of Beasts
 21559 | Lair:6   | Reached XP level 14. HP: 102/111 MP: 0/13
 21961 | Lair:6   | Noticed Snorg
 21962 | Lair:6   | Noticed Josephine
 21971 | Lair:6   | Killed Snorg
 21976 | Lair:6   | Killed Josephine
 22750 | Lair:6   | Reached skill level 27 in Axes
 23076 | Lair:6   | Noticed Nessos
 23087 | Lair:6   | Killed Nessos
 23087 | Lair:6   | Received a gift from Trog
 23914 | D:3      | Found a one-way gate to the infinite horrors of the Abyss.
 23914 | D:3      | Noticed zeratav's ghost (amateur TeHu)
 24033 | D:3      | Killed zeratav's ghost
 24050 | D:3      | Reached skill level 10 in Fighting
 24333 | D:10     | Killed spaghetti's ghost
 24430 | D:12     | Found Laiho's Antique Weapon Shoppe.
 24793 | D:12     | Noticed Psyche
 24799 | D:12     | Killed Psyche
 24856 | D:12     | Found a staircase to the Orcish Mines.
 25360 | D:14     | Found a gate to the Vaults.
 25624 | D:14     | Reached XP level 15. HP: 100/132 MP: 0/14
 25628 | D:14     | Found a frozen archway.
 25636 | IceCv    | Entered an ice cave
 25739 | IceCv    | Received a gift from Trog
 25916 | IceCv    | Reached skill level 10 in Armour
 27088 | IceCv    | Noticed an Ice Fiend
 27100 | IceCv    | Killed an Ice Fiend
 27219 | IceCv    | Identified the +3 plate armour of Ebabim {rN+ Int-3 Dex+6}
 29028 | D:14     | Found a glowing golden altar of the Shining One.
 29318 | D:15     | Entered Level 15 of the Dungeon
 29450 | D:15     | Reached skill level 1 in Throwing
 29450 | D:15     | Found a staircase to the Depths.
 29459 | D:15     | Reached skill level 15 in Fighting
 30112 | D:15     | Received a gift from Trog
 30652 | D:15     | Found a hide-covered altar of Uskayaw.
 31905 | Orc:1    | Entered Level 1 of the Orcish Mines
 31906 | Orc:1    | Found Mull's Antique Armour Emporium.
 31921 | Orc:1    | Found Ugiefor's Jewellery Boutique.
 32071 | Orc:1    | Bought a pair of brightly glowing boots for 304 gold pieces
 32071 | Orc:1    | Identified the +2 pair of boots of Niasm {+Blink} (You
                  | bought it in a shop on level 1 of the Orcish Mines)
 32189 | Orc:2    | Entered Level 2 of the Orcish Mines
 32189 | Orc:2    | Found a staircase to the Elven Halls.
 32334 | Orc:2    | Noticed an orc warlord
 32345 | Orc:2    | Received a gift from Trog
 32367 | Orc:2    | Reached XP level 16. HP: 110/151 MP: 2/15
 33187 | Orc:2    | Found Gadoal's General Store.
 33188 | Orc:2    | Found Buthri's Book Emporium.
 33190 | Orc:2    | Found Aschiofru's Antique Armour Emporium.
 33190 | Orc:2    | Found Raco's Antique Weapon Shoppe.
 34196 | Orc:1    | Found Tomeat's Weapon Emporium.
 34475 | Swamp:1  | Entered Level 1 of the Swamp
 34559 | Swamp:1  | Reached ****** piety under Trog
 34631 | Swamp:1  | Identified the +8 quarterstaff of the Heavens {vorpal,
                  | *Rage rF+++ Int+5}
 34696 | Swamp:1  | Identified the +4 executioner's axe of Pessimism {vorpal,
                  | Fragile Str+6} (Trog gifted it to you on level 1 of the
                  | Swamp)
 34696 | Swamp:1  | Received a gift from Trog
 37617 | Temple   | Entered the Ecumenical Temple
 38306 | Spider:1 | Entered Level 1 of the Spider Nest
 39108 | Spider:1 | Reached skill level 15 in Armour
 39322 | Spider:2 | Identified the ring "Uxtaok" {rElec rF- EV+4 Str+8 Int+2}
 39640 | Spider:2 | Found a large runed translucent door.
 39640 | Spider:2 | Found a large runed translucent door.
 39641 | Spider:2 | Noticed FilthyApe's ghost (adept MiFi)
 39707 | Spider:2 | Paralysed by a jorogumo for 2 turns
 39708 | Spider:2 | Noticed Mlioglotl
 39725 | Spider:2 | Noticed a Hell Sentinel
 40647 | Spider:2 | Killed Mlioglotl
 42098 | Spider:2 | Noticed Arachne
 42111 | Spider:2 | Killed Arachne
 42112 | Spider:2 | Reached XP level 17. HP: 166/166 MP: 11/16
 42369 | Spider:2 | Received a gift from Trog
 43279 | Swamp:3  | Identified the +2 leather armour of Qihuj {rC++ Slay+3
                  | SInv}
 44007 | Swamp:4  | Entered Level 4 of the Swamp
 48895 | Swamp:4  | Got a decaying rune of Zot
 48934 | Swamp:4  | Received a gift from Trog
 49133 | Swamp:4  | Upgraded the game from 0.29-a0-362-g5854e031c7 to
                  | 0.29-a0-371-g91724d5b39
 49310 | Slime:1  | Entered Level 1 of the Pits of Slime
 49319 | Slime:1  | Gained mutation: Your body sometimes deteriorates upon
                  | taking damage. [a shining eye]
 49326 | Slime:1  | Gained mutation: Your flesh is cold resistant. (rC+) [a
                  | shining eye]
 49329 | Slime:1  | Noticed an acid blob
 50029 | Spider:3 | Identified the +5 scimitar of the Eight Xenops {venom, rF+
                  | Int+2}
 50266 | Spider:3 | Reached skill level 1 in Stealth
 50823 | Spider:4 | Entered Level 4 of the Spider Nest
 51131 | Spider:4 | Received a gift from Trog
 51201 | Spider:4 | Reached XP level 18. HP: 170/180 MP: 8/17
 52529 | Spider:4 | Got a gossamer rune of Zot
 52550 | Spider:4 | Reached skill level 1 in Long Blades
 52550 | Spider:4 | Reached skill level 1 in Maces & Flails
 52550 | Spider:4 | Reached skill level 1 in Polearms
 52550 | Spider:4 | Reached skill level 1 in Staves
 52550 | Spider:4 | Reached skill level 1 in Bows
 52550 | Spider:4 | Reached skill level 1 in Crossbows
 52550 | Spider:4 | Reached skill level 1 in Shields
 52550 | Spider:4 | Reached XP level 19. HP: 191/191 MP: 18/18
 52926 | Elf:1    | Entered Level 1 of the Elven Halls
 53241 | Elf:1    | Received a gift from Trog
 54289 | Elf:1    | Found Xaetink's Distillery.
 54303 | Elf:1    | Found Ushruerph's Assorted Antiques.
 54714 | Elf:2    | Found Lerruad's Armour Shop.
 54860 | Elf:2    | Identified the amulet of Xom's Bemusement {RegenMP rN+
                  | Will+ Dex+3}
 55306 | Elf:2    | Received a gift from Trog
 55320 | Elf:2    | Found a runed translucent gate.
 55321 | Elf:2    | Found a runed translucent gate.
 55321 | Elf:2    | Found a runed translucent gate.
 56376 | Elf:2    | Acquired the +2 shield of Resistance {rF++ rC++ Will++}
 56376 | Elf:2    | Found the +2 shield of Resistance {rF++ rC++ Will++}
 56430 | Elf:3    | Entered Level 3 of the Elven Halls
 56529 | Elf:3    | Paralysed by an air elemental for 1 turns
 56904 | Elf:3    | Identified the ring of Hipsen {EV+4 Str-3 Int+2 Dex+4 SInv}
 57471 | Elf:3    | Reached XP level 20. HP: 204/204 MP: 14/19
 57562 | Elf:3    | Identified the amulet "Bamizur" {rElec Regen+ rCorr Str+3
                  | Int-4}
 57562 | Elf:3    | Identified the ring of Waynikup {rCorr Str+3 Dex+6}
 57567 | Elf:3    | Received a gift from Trog
 58379 | Elf:3    | Identified the +3 leather armour of Moral Flaws {rF+++
                  | Str+2}
 58489 | Elf:3    | Identified the +10 glaive of War {drain, Will+ Int+2}
 59115 | Elf:3    | Found the +3 Elemental Staff {rElec rF++ rC++ AC+5}
 59196 | Elf:3    | Identified the +1 scale mail of Bad Feelings {Rampage Fly}
 59597 | Vaults:1 | Entered Level 1 of the Vaults
 59613 | Vaults:1 | Received a gift from Trog
 59793 | Vaults:1 | Found Waxud's Magic Scroll Shop.
 60054 | Vaults:1 | Identified the +9 long sword "Hizuitt" {holy, *Slow Dex+5}
 61023 | Vaults:1 | Noticed Aizul
 61031 | Vaults:1 | Killed Aizul
 61967 | Vaults:1 | You fall into a shaft and drop 1 floor!
 62629 | Vaults:2 | Received a gift from Trog
 62692 | Vaults:2 | Reached XP level 21. HP: 218/218 MP: 0/20
 63910 | Vaults:2 | Identified the +3 battleaxe "Maohul" {flame, rF+ Str+3}
                  | (Trog gifted it to you on level 2 of the Vaults)
 63910 | Vaults:2 | Received a gift from Trog
 63978 | Vaults:2 | Found a transporter.
 63978 | Vaults:2 | Found a transporter.
 63981 | Vaults:2 | Found a bloodstained altar of Trog.
 63981 | Vaults:2 | Noticed Ruyty's ghost (adept DsGl)
 64070 | Vaults:2 | Found a huge runed gate.
 64070 | Vaults:2 | Found a huge runed gate.
 64070 | Vaults:2 | Found a huge runed gate.
 64070 | Vaults:2 | Found a huge runed gate.
 64072 | Vaults:2 | Found a huge runed gate.
 64072 | Vaults:2 | Found a huge runed gate.
 64073 | Vaults:2 | Found a huge runed gate.
 64074 | Vaults:2 | Found a huge runed gate.
 64074 | Vaults:2 | Found a huge runed gate.
 64074 | Vaults:2 | Found a huge runed gate.
 64078 | Vaults:2 | Found a huge runed gate.
 64078 | Vaults:2 | Found a huge runed gate.
 64078 | Vaults:2 | Found a huge runed gate.
 64078 | Vaults:2 | Found a huge runed gate.
 64078 | Vaults:2 | Found a huge runed gate.
 64078 | Vaults:2 | Found a huge runed gate.
 64079 | Vaults:2 | Found a huge runed gate.
 64080 | Vaults:2 | Found a huge runed gate.
 64081 | Vaults:2 | Found a huge runed gate.
 64107 | Vaults:2 | Found a huge runed gate.
 64107 | Vaults:2 | Found a huge runed gate.
 64107 | Vaults:2 | Found a huge runed gate.
 64107 | Vaults:2 | Found a huge runed gate.
 64107 | Vaults:2 | Found a huge runed gate.
 64107 | Vaults:2 | Found a huge runed gate.
 64108 | Vaults:2 | Found a huge runed gate.
 64227 | Vaults:2 | Found a huge runed gate.
 64228 | Vaults:2 | Found a huge runed gate.
 64236 | Vaults:2 | Found a huge runed gate.
 64236 | Vaults:2 | Found a huge runed gate.
 64236 | Vaults:2 | Found a huge runed gate.
 64236 | Vaults:2 | Found a huge runed gate.
 64236 | Vaults:2 | Found a huge runed gate.
 64236 | Vaults:2 | Found a huge runed gate.
 64236 | Vaults:2 | Found a huge runed gate.
 64237 | Vaults:2 | Found a huge runed gate.
 64294 | Vaults:2 | Found a staircase to the Crypt.
 65195 | Vaults:2 | Found the +6 lightning scales {swift, rElec}
 65745 | Vaults:3 | Reached skill level 27 in Fighting
 65962 | Vaults:3 | Found a crumbling gateway.
 65964 | Vaults:3 | Found a glowing silver altar of Zin.
 65964 | Vaults:3 | Found a glowing golden altar of the Shining One.
 65964 | Vaults:3 | Found a white marble altar of Elyvilon.
 65976 | Desolati | Entered the Desolation of Salt
 66466 | Desolati | Identified the amulet of Rupikh {Reflect Will+ SH+5}
 66479 | Desolati | Received a gift from Trog
 66850 | Desolati | Identified the +1 plate armour of Lust {-Cast Str+6}
 67010 | Desolati | Identified the ring "Gimpoxt" {Will+ rCorr Int+4 Dex+6}
 67368 | Desolati | Identified the +3 pair of gloves of the Uplifting Gods {rF+
                  | rN+ Str+2}
 67402 | Desolati | Identified the +8 hand axe of the Spectre {vorpal, Int+3
                  | SInv}
 67445 | Desolati | Identified the +9 great sword "Fefygies" {speed, Will+
                  | Dex+2}
 67454 | Desolati | Identified the +6 dagger of the Equator {venom, rElec rF+++
                  | Int-4 Dex-4}
 67563 | Vaults:3 | Reached XP level 22. HP: 202/233 MP: 21/21
 68283 | Vaults:3 | Received a gift from Trog
 69053 | Spider:2 | Killed FilthyApe's ghost
 69459 | Vaults:2 | Cast into level 4 of the Abyss (Ruyty's ghost)
 69502 | Vaults:2 | Escaped the Abyss
 69517 | Vaults:2 | Killed Ruyty's ghost
 69535 | Vaults:2 | Identified the +4 broad axe of the Distant Future {venom,
                  | Fragile rPois rN+}
 71642 | Slime:3  | Gained mutation: You are weak. (Str -2) [a shining eye]
 71646 | Slime:3  | Gained mutation: Your magical capacity is low. (-10% MP) [a
                  | shining eye]
 71886 | Slime:2  | Noticed Dissolution
 71895 | Slime:2  | Killed Dissolution
 72054 | Slime:3  | Received a gift from Trog
 73458 | Slime:5  | Entered Level 5 of the Pits of Slime
 73464 | Slime:5  | Reached skill level 27 in Armour
 73466 | Slime:5  | Reached skill level 1 in Unarmed Combat
 73482 | Slime:5  | Reached skill level 1 in Invocations
 73484 | Slime:5  | Reached skill level 1 in Short Blades
 73484 | Slime:5  | Reached skill level 1 in Slings
 73511 | Slime:5  | Noticed the Royal Jelly
 73521 | Slime:5  | Reached skill level 1 in Evocations
 73526 | Slime:5  | Killed the Royal Jelly
 77443 | Slime:5  | Identified the ring "Badomi" {rCorr Int+7}
 77465 | Slime:5  | Identified the +7 plate armour of Forievoa {Harm rElec}
 77479 | Slime:5  | Identified the +7 plate armour of Zejangir {rF+ Str+6}
 77513 | Slime:5  | Identified the ring "Zeh Gef" {rN+++ AC+4 Str-2 Dex+5}
 77569 | Slime:5  | Identified the +7 battleaxe "Qimo" {drain, +Blink rElec
                  | MP+9}
 77596 | Slime:5  | Identified the ring "Iral" {rC+ Will+ Str+6 Dex+4}
 77599 | Slime:5  | Got a slimy rune of Zot
 77600 | Slime:5  | Identified the ring of the Median {rC+++ rN+ Int-5 Dex+6}
 77678 | Slime:5  | Reached skill level 5 in Stealth
 78794 | Vaults:4 | Received a gift from Trog
 78795 | Vaults:4 | Reached XP level 23. HP: 234/240 MP: 20/20
 79456 | Vaults:4 | Received a gift from Trog
 80134 | Vaults:5 | Entered Level 5 of the Vaults
 80347 | Vaults:5 | Reached skill level 10 in Stealth
 80358 | Vaults:5 | Noticed an ancient lich
 80363 | Vaults:5 | Noticed an ancient lich
 80365 | Vaults:5 | Noticed an ancient lich
 80607 | Vaults:5 | Killed an ancient lich
 80610 | Vaults:5 | Killed an ancient lich
 80612 | Vaults:5 | Killed an ancient lich
 81314 | Vaults:5 | Noticed a dread lich
 81325 | Vaults:5 | Killed a dread lich
 81330 | Vaults:5 | Received a gift from Trog
 82502 | Vaults:5 | Identified the +1 ring mail of Beauty {rF++}
 82505 | Vaults:5 | Noticed a dread lich
 82954 | Vaults:5 | Killed a dread lich
 83365 | Vaults:5 | Reached XP level 24. HP: 249/249 MP: 20/20
 83540 | Vaults:5 | Identified the +7 halberd "Caweam" {flame, rN++}
 83558 | Vaults:5 | Identified the ring "Hero's Friend" {rElec AC+4}
 83632 | Vaults:5 | Received a gift from Trog
 83834 | Vaults:5 | Reached skill level 15 in Stealth
 83909 | Vaults:5 | Identified the +5 lajatang "Jeaneashri" {protect, rC+
                  | Int+3}
 84059 | Vaults:5 | Noticed a dread lich
 84065 | Vaults:5 | Killed a dread lich
 84275 | Vaults:5 | Got a silver rune of Zot
 84634 | Vaults:5 | Identified the +1 plate armour "Kammolus" {rPois rC+
                  | Regen+}
 84635 | Vaults:5 | Upgraded the game from 0.29-a0-371-g91724d5b39 to
                  | 0.29-a0-375-g5102b3be25
 84694 | Vaults:5 | Identified the +0 kite shield of the King of the Hill {+Inv
                  | rN+ Str+4}
 84865 | Depths:1 | Entered Level 1 of the Depths
 85161 | Depths:1 | Found a gateway to Hell.
 85520 | Depths:1 | Found a broken altar of Ashenzari.
 85954 | Depths:2 | Noticed a juggernaut
 85957 | Depths:2 | Reached skill level 5 in Long Blades
 85972 | Depths:1 | Killed a juggernaut
 87042 | Depths:2 | Identified the +1 pair of boots "Jistredomm" {rElec}
 87120 | Depths:2 | Identified the ring of Zimoj {rF++ MP+9}
 87202 | Depths:2 | Received a gift from Trog
 87439 | Depths:2 | Found a one-way gate leading to the halls of Pandemonium.
 88315 | Depths:3 | Found Qonuz's Pet Rocks.
 88397 | Depths:3 | Bought a wand of digging (4) for 336 gold pieces
 88763 | Depths:3 | Found an ornate altar of the Wu Jian Council.
 88798 | Depths:3 | Found a runed translucent gate.
 88799 | Depths:3 | Found a runed translucent gate.
 88801 | Depths:3 | Found a runed translucent gate.
 88803 | Depths:3 | Noticed Xemiukyb's ghost (adept HaHu)
 89072 | Depths:3 | Received a gift from Trog
 89231 | Depths:3 | Identified the +0 scale mail "Ulufipus" {MP-9 Str+7 Dex+4}
 89244 | Depths:3 | Reached XP level 25. HP: 252/257 MP: 20/20
 89421 | Depths:3 | Found Iffilog's Jewellery Shoppe.
 89422 | Depths:3 | Found Yluqe's Book Boutique.
 89422 | Depths:3 | Found Uduong's Book Boutique.
 89649 | Depths:4 | Entered Level 4 of the Depths
 90291 | Depths:4 | Found a one-way gateway to a ziggurat.
 90292 | Depths:4 | Noticed an ancient lich
 90351 | Depths:4 | Found a gate to the Realm of Zot.
 92032 | Depths:3 | Received a gift from Trog
 92043 | Depths:3 | Killed Xemiukyb's ghost
 92083 | Depths:3 | Identified the +1 helmet of Bicatif {rC+ Str+2 Int+2}
 92334 | Crypt:1  | Entered Level 1 of the Crypt
 93439 | Crypt:1  | Reached skill level 10 in Long Blades
 95158 | Crypt:2  | Identified the +7 executioner's axe of the Hall of Blades
                  | {vorpal, rElec rPois Str+3} (Trog gifted it to you on level
                  | 2 of the Crypt)
 95158 | Crypt:2  | Received a gift from Trog
 95963 | Crypt:3  | Entered Level 3 of the Crypt
 96246 | Crypt:3  | Received a gift from Trog
 96666 | Crypt:3  | Found a basalt altar of Yredelemnul.
 96672 | Crypt:3  | Reached XP level 26. HP: 266/266 MP: 20/20
 97077 | Crypt:3  | Noticed a dread lich
 97088 | Crypt:3  | Reached skill level 15 in Long Blades
 97094 | Crypt:3  | Killed a dread lich
 97094 | Crypt:3  | Received a gift from Trog
 97110 | Crypt:3  | Identified the amulet of Zaoso {Reflect *Slow rPois rF+ rN+
                  | SH+5}
 97114 | Crypt:3  | Identified the ring "Kyopesux" {rN+ MP+9 SInv}
 97114 | Crypt:3  | Identified the amulet of Ewnego Ruth {Harm Will- Regen+
                  | Int+7}
 97114 | Crypt:3  | Identified the ring "Fohualeo" {Drain rN+ Will+ Str+2}
 97475 | Crypt:3  | Found a staircase to the Tomb.
 97694 | Tomb:1   | Entered Level 1 of the Tomb of the Ancients
 98452 | Tomb:1   | Noticed a royal mummy
 98464 | Tomb:1   | Killed a royal mummy
 98464 | Tomb:1   | Received a gift from Trog
 98464 | Tomb:1   | Lost intelligence.
 98507 | Tomb:1   | Gained mutation: You tend to lose your temper in combat. [a
                  | neqoxec]
 99034 | Tomb:1   | Lost intelligence.
100389 | Pan      | Entered Pandemonium
100753 | Pan      | Found a huge runed translucent gate.
100756 | Pan      | Found a huge runed translucent gate.
100757 | Pan      | Found a huge runed translucent gate.
100759 | Pan      | Found a huge runed translucent gate.
100759 | Pan      | Found a huge runed translucent gate.
100759 | Pan      | Found a huge runed translucent gate.
101431 | Pan      | Noticed Yretod Ferao the pandemonium lord
101441 | Pan      | Received a gift from Trog
101554 | Pan      | Killed Yretod Ferao the pandemonium lord
103346 | Pan      | Received a gift from Trog
107052 | Pan      | Found a huge runed translucent gate.
107053 | Pan      | Found a huge runed translucent gate.
107054 | Pan      | Found a huge runed translucent gate.
107056 | Pan      | Found a huge runed translucent gate.
107140 | Pan      | Reached skill level 5 in Shields
107277 | Pan      | Reached XP level 27. HP: 273/273 MP: 20/20
108139 | Pan      | Found a huge runed translucent gate.
108139 | Pan      | Found a huge runed translucent gate.
108189 | Pan      | Found a huge runed translucent gate.
108199 | Pan      | Noticed Sefuw the pandemonium lord
108215 | Pan      | Killed Sefuw the pandemonium lord
108603 | Pan      | Noticed Ivilorix the pandemonium lord
108631 | Pan      | Killed Ivilorix the pandemonium lord
109287 | Pan      | Lost intelligence.
109387 | Pan      | Received a gift from Trog
109637 | Pan      | Reached skill level 10 in Shields
110025 | Pan      | Got a demonic rune of Zot
110736 | Pan      | Entered the realm of Lom Lobon.
110736 | Pan      | Noticed Lom Lobon
110761 | Pan      | Killed Lom Lobon
111077 | Pan      | Got a magical rune of Zot
111547 | Pan      | Identified the +9 broad axe of Trog's Fury {vorpal, rN+}
                  | (Trog gifted it to you in Pandemonium)
111547 | Pan      | Received a gift from Trog
112197 | Pan      | Found an exit through the horrors of the Abyss.
112380 | Depths:2 | Escaped Pandemonium
112435 | Depths:2 | Voluntarily entered the Abyss.
112435 | Abyss:1  | Found a corrupted altar of Lugonu.
112715 | Abyss:2  | Found a corrupted altar of Lugonu.
113535 | Abyss:4  | Gained mutation: You are partially covered in iridescent
                  | scales. (AC +2) [a neqoxec]
114572 | Abyss:4  | Paralysed by accursed screaming for 1 turns
115147 | Abyss:4  | Paralysed by accursed screaming for 1 turns
115206 | Abyss:4  | Lost intelligence.
115207 | Abyss:4  | HP: 12/270 [ancient zyme collision (15)]
115214 | Abyss:4  | Gained mutation: You are very weak. (Str -4) [a neqoxec]
115214 | Abyss:4  | Gained mutation: You are dopey. (Int -2) [a neqoxec]
115244 | Depths:2 | Escaped the Abyss
116555 | Zot:1    | Entered Level 1 of the Realm of Zot
118113 | Zot:2    | Noticed an orb of fire
118123 | Zot:2    | Killed an orb of fire
118127 | Zot:2    | Reached skill level 15 in Shields
118139 | Zot:2    | Received a gift from Trog
121211 | Zot:3    | Lost mutation: Your flesh is cold resistant. (rC+) [potion
                  | of mutation]
121211 | Zot:3    | Lost mutation: You are partially covered in iridescent
                  | scales. (AC +2) [potion of mutation]
121211 | Zot:3    | Lost mutation: You are dopey. (Int -2) [potion of mutation]
121211 | Zot:3    | Gained mutation: You are agile. (Dex +2) [potion of
                  | mutation]
121212 | Zot:3    | Lost mutation: Your body sometimes deteriorates upon taking
                  | damage. [potion of mutation]
121212 | Zot:3    | Lost mutation: You are very weak. (Str -4) [potion of
                  | mutation]
121212 | Zot:3    | Lost mutation: You tend to lose your temper in combat.
                  | [potion of mutation]
121212 | Zot:3    | Gained mutation: You are partially covered in iridescent
                  | scales. (AC +2) [potion of mutation]
121212 | Zot:3    | Gained mutation: You have large cloven feet. [potion of
                  | mutation]
121507 | Zot:4    | Received a gift from Trog
121613 | Zot:4    | Noticed an ancient lich
121725 | Zot:4    | Killed an ancient lich
122211 | Zot:4    | Found a stormy altar of Qazlal.
123587 | Zot:5    | Entered Level 5 of the Realm of Zot
124675 | Zot:5    | Noticed an orb of fire
124678 | Zot:5    | Gained mutation: Your magical capacity is very low. (-20%
                  | MP) [an orb of fire]
124679 | Zot:5    | Gained mutation: Your spells are a little easier to cast,
                  | but a little less powerful. [an orb of fire]
124689 | Zot:5    | Gained mutation: You are very weak. (Str -4) [an orb of
                  | fire]
124691 | Zot:5    | Noticed an ancient lich
124691 | Zot:5    | Gained mutation: You sometimes lose the ability to read
                  | scrolls when taking damage. [an orb of fire]
124693 | Zot:5    | Gained mutation: Your magical capacity is extremely low.
                  | (-30% MP) [an orb of fire]
124695 | Zot:5    | Killed an orb of fire
124704 | Zot:5    | Killed an ancient lich
124708 | Zot:5    | Noticed an orb of fire
124713 | Zot:5    | Gained mutation: You are frail. (-10% HP) [an orb of fire]
124726 | Zot:5    | Killed an orb of fire
124731 | Zot:5    | Noticed an orb of fire
124732 | Zot:5    | Received a gift from Trog
124733 | Zot:5    | Noticed an orb of fire
125450 | Zot:4    | Identified the +7 hunting sling "Nittesynk" {vorpal, +Blink
                  | Str+4 Dex-5 SInv}
128214 | Zot:5    | Gained mutation: You have hoof-like feet. [an orb of fire]
128220 | Zot:5    | Gained mutation: Your body sometimes deteriorates upon
                  | taking damage. [an orb of fire]
128221 | Zot:5    | Gained mutation: You are very frail. (-20% HP) [an orb of
                  | fire]
128223 | Zot:5    | Killed an orb of fire
128552 | Zot:5    | Gained mutation: You are extremely frail. (-30% HP) [an orb
                  | of fire]
128554 | Zot:5    | Lost mutation: You are agile. (Dex +2) [an orb of fire]
128560 | Zot:5    | Killed an orb of fire
129199 | Zot:5    | Noticed an orb of fire
129203 | Zot:5    | Gained mutation: Your body often deteriorates upon taking
                  | damage. [an orb of fire]
129205 | Zot:5    | Noticed an orb of fire
129249 | Zot:5    | Lost intelligence.
129249 | Zot:5    | Killed from afar by a Killer Klown

Illustrated notes

Levels and vault maps discovered:
D:1:      wander_arrival_peaceful_grave, layout_rooms,
          shapermc_ecumenical_altar_rom_forum
D:2:      layout_loops_ring, basic_altar, serial_park_tiny_1, uniq_robin
D:3:      minmay_chambers_of_threes, layout_loops_ring,
          grunt_temple_overflow_open, gammafunk_ghost_abyssal_escape,
          minmay_hedge_maze, uniq_crazy_yiuf_cottage, uniq_sigmund, uniq_natasha
D:4:      layout_basic, grunt_temple_overflow_opulence,
          nicolae_overflow_crystal_walls, slow_altar_2,
          minmay_temple_entry_statues, enter_ossuary_1
D:5:      layout_cave_pools, mainiacjoe_overflow_six_doors_small, serial_shops,
          kennysheep_mini_moat, nicolae_shop_window_shopping,
          nicolae_shop_crystal, nicolae_stop_n_shop_1,
          chequers_serial_rivers_micro_e, minmay_misc_feat_doors, st_stairs_5,
          eino_tiny_chamber, grunt_decor_junction, kennysheep_path_1
D:6:      minmay_chambers_of_sixes, layout_basic
D:7:      layout_loops_corners, serial_shops, nicolae_shop_stone
D:8:      layout_basic, erik_lair_island, minivault_4, uniq_grum, uniq_maggie
D:9:      layout_cave_pods, minmay_nine_imps
D:10:     layout_loops_ring, kennysheep_little_box, ebering_ghost_rock_garden
D:11:     minmay_box_of_curves, layout_gridville, enter_trove_3, nicolae_wwwww
D:12:     hangedman_cross_stitches, layout_rooms, minmay_orc_entry_temple_small,
          serial_shops, shop, serial_bayou_lagoon_a, minmay_misc_feat_chi,
          uniq_psyche
D:13:     minmay_skewed_foursquare, layout_gridville
D:14:     layout_long_grid, grunt_vaults_entry_fortified,
          nicolae_tso_carved_into_rock, portal_ice_cave_entry_dragon
D:15:     gammafunk_depths_entry_grave, layout_stronghold,
          corexii_leaking_fountain, nicolae_uskayaw_suspiria
Temple:   eino_temple_water
Lair:1:   layout_roguey, beast_lair_carwin_2, uniq_gastronok
Lair:2:   layout_long_grid, serial_bayou_shore_b
Lair:3:   layout_regular_city, minmay_swamp_entry_swarm, lemuel_fruit_fields
Lair:4:   layout_cave_shapes, nicolae_spider_entry_orb_guardian,
          chequers_serial_rivers_small_b, lemuel_centaur_altar,
          serial_bayou_shore_b
Lair:5:   layout_gridlike, minmay_slime_entry_pillars,
          nicolae_quartered_pool_impasse
Lair:6:   grunt_lair_end_beastmaster, layout_gridlike, nicolae_lair_lindhole,
          uniq_snorg, uniq_josephine, uniq_nessos
Swamp:1:  layout_basic_swamp, evilmike_swamp_ruin_house_3,
          nicolae_swamp_alligator_family
Swamp:2:  layout_basic_swamp, serial_swamp_ruin, evilmike_swamp_ruin_house_6,
          evilmike_swamp_ruin_rubble_1, evilmike_swamp_ruin_house_1,
          swamp_pool1, hangedman_swamp_phenomena, infiniplex_staircase_pool
Swamp:3:  layout_falls_marsh, evilmike_swamp_ruin_rubble_2
Swamp:4:  swamp, layout_basic_swamp, nicolae_swamp_small_spring
Spider:1: layout_spider_delve, drop_trap, beargit_elvish_explorers
Spider:2: layout_cave_pods, ebering_ghost_disaster_area,
          nicolae_spider_webs_and_nodes, uniq_arachne, uniq_mlioglotl
Spider:3: layout_spider_delve, guppyfry_spider_mini_1
Spider:4: hellmonk_spider_rune_bug_friends
Slime:1:  layout_caves
Slime:2:  layout_caves, uniq_dissolution
Slime:3:  layout_caves
Slime:4:  layout_caves, nicolae_slime_phagocytosis
Slime:5
Orc:1:    layout_caves, serial_shops, shop, shop, shop
Orc:2:    st_orc_congregation, layout_caves, basic_altar
Elf:1:    minmay_elf_arrival_circle, layout_geoelf_octagon, serial_shops, shop,
          shop, hangedman_corner_corridor
Elf:2:    nicolae_elf_blades_crystal_corner, layout_gridlike, serial_shops,
          nicolae_lakefront_shop, nicolae_elf_stair_hall,
          nicolae_fountain_basement
Elf:3:    minmay_elf_hall_quartered_circle, layout_geoelf_octagon
Vaults:1: grunt_vaults_twisty, vaults_room_large_hall, st_lattice,
          ontoclasm_vaults_idyll, v_misc_8, hangedman_vaults_stretched_pinwheel,
          nicolae_vaults_network_periphery, nicolae_vaults_little_squares_6,
          v_pattern_4, nicolae_vaults_yaktaur_gun_rack,
          nicolae_vaults_ring_of_whatevers, layout_vaults_omnicross,
          serial_shops, nicolae_shop_stone, uniq_aizul
Vaults:2: gammafunk_ghost_wrathful_warriors, v_misc_23, blue_anna_dwarven_crypt,
          v_misc_11, vaults_room_octagon, vaults_mumra_hex,
          ontoclasm_vaults_ring_small, grunt_vaults_funnel, not_door_vault_mu,
          hangedman_vaults_hat, v_misc_9, dpeg_vaults_monster_box,
          layout_vaults_ring
Vaults:3: portal_desolation_entry_holy_temple, vaults_dpeg_ring,
          hangedman_vaults_impose, dpeg_vaults_pockets_of_resistance,
          nicolae_vaults_network_star, hangedman_vaults_stretched_pinwheel,
          v_misc_16, v_misc_10, vaults_room_large_hall,
          ontoclasm_vaults_ring_small, nicolae_vaults_alarming,
          hangedman_vaults_stagger, v_misc_32, grunt_vaults_hallway_long,
          layout_vaults_maze
Vaults:4: nicolae_vaults_rhombus_5, nicolae_vaults_triangles,
          vaults_dpeg_diagonal, ontoclasm_vaults_twist,
          hangedman_vaults_capsules, grunt_vaults_swirl, v_alt_pattern_6,
          layout_vaults_omnigrid
Vaults:5
Crypt:1:  layout_chaotic_city, uniq_margery
Crypt:2:  layout_misc_corridors, grunt_megastairs_3
Crypt:3:  church_of_pain_bobbens, layout_chaotic_city,
          nicolae_tomb_entry_unfolded_pyramid_orthogonal
Tomb:1
Depths:1: layout_basic, hangedman_tar_grid_catacomb,
          serial_sigils_hangedman_gut, nicolae_ashenzari_skybound
Depths:2: minmay_the_grid_octo_tiled_octocenter_mashed [minmay_the_grid_octo_77,
          minmay_the_grid_octo_empty, minmay_the_grid_octo_clover_2,
          minmay_the_grid_octo_thin_diamonds, minmay_the_grid_octo_prize_star,
          minmay_the_grid_square_5x5_fat_x,
          minmay_the_grid_square_5x5_checkered,
          minmay_the_grid_square_5x5_two_walls_b,
          minmay_the_grid_square_5x5_tetrominoes], layout_cave_pools,
          hangedman_abyss_entry_splay, rand_demon_pan_entry_8, pf_coc_iceberg
Depths:3: minmay_two_paths, layout_cave_pools, nzn_wu_jian_council_hall,
          gammafunk_ghost_ooze, abyss_entry, grunt_hell_entry_dis_mu,
          nrook_campfire, guppyfry_shop_earth, minmay_shop_grove,
          minmay_staircase_windowed_large
Depths:4: grunt_zot_entry_alcove, layout_gridlike, enter_ziggurat_d,
          hellmouth_1, chequers_serial_rivers_large_a, lightli_corner_chamber,
          serial_bayou_shore_b
Zot:1:    layout_gridlike, grunt_ministairs_2
Zot:2:    layout_basic
Zot:3:    layout_onion_interference, grunt_megastairs_2
Zot:4:    regret_index_qazlal_generations, layout_gridlike, grunt_ministairs_10
Zot:5:    layout_gridlike

Skill      XL: |  1  2  3  4  5  6  7  8  9 10 11 12 13 14 15 16 17 18 19 20 21 22 23 24 25 26 27 |
---------------+----------------------------------------------------------------------------------+-----
Axes           | 4 5 8 9 11 14 17 19 21 24 26 27 | 27.0
Armour         | 4 5 6 9 12 15 18 19 20 22 24 27 | 27.0
Fighting       | 5 6 12 15 18 20 21 23 25 27 | 27.0
Throwing       | 2 |  2.7
Stealth        | 1 2 6 14 18 20 21 | 21.6
Long Blades    | 1 2 6 13 21 | 21.7
Maces & Flails | 1 2 |  2.2
Polearms       | 1 2 |  2.2
Staves         | 1 2 |  2.2
Bows           | 1 2 |  2.0
Crossbows      | 1 2 |  2.0
Shields        | 1 2 4 5 23 | 23.4
Unarmed Combat | 1 |  1.8
Invocations    | 1 |  1.6
Short Blades   | 1 |  1.8
Slings         | 2 |  2.0
Evocations     | 1 2 3 4 |  4.2
Dodging        | 3 |  3.1

Action                   |  1- 3 |  4- 6 |  7- 9 | 10-12 | 13-15 | 16-18 | 19-21 | 22-24 | 25-27 || total
-------------------------+-------+-------+-------+-------+-------+-------+-------+-------+-------++-------
Melee: Hand axe          |    34 |       |       |       |       |       |       |       |       ||    34
       Headbutt          |    10 |    17 |    41 |    71 |   126 |   156 |   180 |   339 |   751 ||  1691
       War axe           |    28 |   105 |   220 |   197 |       |       |       |       |       ||   550
       Punch             |     1 |     2 |     2 |       |       |       |       |       |       ||     5
       Executioner's axe |       |       |       |   181 |   711 |   778 |   802 |  1072 |  2737 ||  6281
       Broad axe         |       |       |       |       |       |       |       |       |    57 ||    57
       Unarmed           |       |       |       |       |       |       |       |       |    12 ||    12
Throw: Stone             |       |       |       |       |    24 |       |       |       |       ||    24
Invok: Berserk           |     1 |     6 |     9 |    23 |    11 |    21 |    11 |    12 |     7 ||   101
 Abil: Evoke Blink       |       |       |       |       |       |       |       |     1 |     1 ||     2
  Use: Scroll            |       |     2 |    10 |    10 |    15 |     4 |     5 |     4 |     8 ||    58
       Potion            |       |       |       |       |       |     6 |     4 |     3 |    19 ||    32
 Stab: Sleeping          |     1 |       |       |       |       |       |       |       |       ||     1
       Petrifying        |       |       |       |       |       |       |       |     3 |       ||     3
       Petrified         |       |       |       |       |       |       |       |     3 |       ||     3
       Distracted        |       |       |       |       |       |       |       |       |     4 ||     4
       Invisible         |       |       |       |       |       |       |       |       |     1 ||     1
Armor: Animal skin       |     1 |       |       |       |       |       |       |       |       ||     1
       Scale mail        |    22 |     5 |       |       |       |       |       |       |       ||    27
       Chain mail        |       |    31 |    46 |       |       |       |       |       |       ||    77
       Crystal plate arm |       |       |   111 |   267 |   561 |   926 |   589 |   780 |  1873 ||  5107
Dodge: Dodged            |    37 |    57 |   101 |   215 |   360 |   474 |   454 |   485 |  1443 ||  3626
Block: Kite shield       |       |       |       |    13 |       |       |       |       |    28 ||    41
       Other             |       |       |       |       |       |       |    30 |       |   299 ||   329
       Reflection        |       |       |       |       |       |       |     4 |       |    10 ||    14

Table legend: (Time is in decaauts)
 A = Elapsed time spent in this place.
 B = Non-inter-level travel time spent in this place.
 C = Inter-level travel time spent in this place.
 D = Time resting spent in this place.
 E = Time spent auto-exploring this place.
 F = Levels seen in this place.
 G = Mean time per level.
                   A        B        C        D        E       F      G
               +--------+--------+--------+--------+--------+-----+--------+
         Total | 131923 | 122432 |   9491 |  61234 |  38607 |  71 | 1858.1 |
       Dungeon |  22893 |  19819 |   3074 |   6401 |  11035 |  15 | 1526.2 |
        Temple |    453 |    451 |      2 |      0 |    412 |   1 |  453.0 |
          Lair |  10038 |   8378 |   1660 |   2689 |   4958 |   6 | 1673.0 |
         Swamp |   9672 |   9381 |    291 |   6519 |   2070 |   4 | 2418.0 |
   Spider Nest |   7684 |   7126 |    558 |   3920 |   1928 |   4 | 1921.0 |
    Slime Pits |   8673 |   8401 |    272 |   5708 |   1516 |   5 | 1734.6 |
  Orcish Mines |   2465 |   2324 |    141 |   1128 |    715 |   2 | 1232.5 |
   Elven Halls |   6552 |   6329 |    223 |   3630 |   1859 |   3 | 2184.0 |
        Vaults |  15158 |  14288 |    870 |   7471 |   4460 |   5 | 3031.6 |
         Crypt |   4312 |   4104 |    208 |   1318 |   1447 |   3 | 1437.3 |
          Tomb |   2963 |   2630 |    333 |   1722 |     82 |   1 | 2963.0 |
        Depths |   9853 |   8883 |    970 |   4827 |   1961 |   4 | 2463.2 |
           Zot |  12683 |  11800 |    883 |   6490 |   3384 |   5 | 2536.6 |
         Abyss |   2792 |   2792 |      0 |    852 |    566 |   5 |  558.4 |
   Pandemonium |  12025 |  12025 |      0 |   6967 |    857 |   5 | 2405.0 |
       Ossuary |    360 |    360 |      0 |    149 |     77 |   1 |  360.0 |
      Ice Cave |   1802 |   1802 |      0 |    959 |    612 |   1 | 1802.0 |
    Desolation |   1537 |   1537 |      0 |    477 |    664 |   1 | 1537.0 |
               +--------+--------+--------+--------+--------+-----+--------+

Top non-repeatable levels by time:
   Zot:5: 4233 daAuts
 Swamp:3: 4148 daAuts
Vaults:1: 3857 daAuts
Vaults:2: 3700 daAuts
Depths:2: 3575 daAuts
Vaults:4: 3388 daAuts
  Tomb:1: 2963 daAuts
    D:11: 2803 daAuts
 Slime:1: 2668 daAuts
   Elf:3: 2617 daAuts
Spider:2: 2577 daAuts
Vaults:5: 2529 daAuts
  Lair:4: 2481 daAuts
   Zot:4: 2472 daAuts
     D:8: 2429 daAuts
